 Dungeon Crawl Stone Soup version 0.31-a0-1278-g11c5b68f87 (webtiles) character file.

Game seed: 9064420267532521357

184 DApurpleWHUMPUS the Ogre Mage (level 5, 0/45 HPs)
             Began as an Ogre Fire Elementalist on Dec 17, 2023.
             Slain by a gnoll
             ... wielding a +0 whip
              (1 damage)
             ... on level 3 of the Dungeon.
             The game lasted 00:06:15 (3789 turns).

DApurpleWHUMPUS the Ogre Mage (OgFE)                Turns: 3789, Time: 00:06:15

Health: 0/45       AC:  3    Str: 12    XL:     5   Next: 63%
Magic:  9/13       EV:  9    Int: 18    God:
Gold:   117        SH:  0    Dex:  9    Spells: 10/16 levels left

rFire   + + .        j - +0 dagger (venom)
rCold   + . .        (no shield)
rNeg    . . .        a - +0 robe
rPois   .            (helmet restricted)
rElec   .            c - scarf {rC+ rF+}
rCorr   .            (gloves unavailable)
SInv    .            (boots unavailable)
Will    .....        (no amulet)
Stlth   +            e - ring of protection from fire
HPRegen 0.27/turn    (no ring)
MPRegen 0.13/turn

%: random rage (3%)
@: lethally poisoned (0 -> -18)
A: large, unfitting armour, tough skin 1, berserk 1
a: no special abilities


You were on level 3 of the Dungeon.
You visited 1 branch of the dungeon, and saw 3 of its levels.

You collected 117 gold pieces.

Inventory:

Hand Weapons
 j - a +0 dagger of venom (weapon)
Armour
 a - a +0 robe (worn)
 c - a scarf of resistance (worn)
Jewellery
 e - a ring of protection from fire (left hand)
 i - a ring of positive energy
Scrolls
 d - a scroll of vulnerability
 f - a scroll of silence {unknown}
 g - a scroll of identify {unknown}
 h - a scroll of fog {unknown}
 k - a scroll of teleportation {unknown}
Potions
 b - a potion of magic


   Skills:
 - Level 1.7 Dodging
 - Level 1.4 Stealth
 * Level 6.3 Spellcasting
 - Level 0.8 Conjurations
 - Level 2.6 Fire Magic


You had 10 spell levels left.
You knew the following spells:

 Your Spells              Type           Power      Damage    Failure   Level
a - Foxfire               Conj/Fire      48%        2x1d6     5%          1
b - Scorch                Fire           30%        2d6       6%          2
c - Inner Flame           Hex/Fire       10%        N/A       21%         3

Your spell library contained the following spells:

 Spells                   Type           Power      Damage    Failure   Level
 Volatile Blastmotes      Fire/Tloc      20%        2d11      21%         3
 Dazzling Flash           Conj/Hex       14%        N/A       28%         3
 Ozocubu's Armour         Ice            5%         N/A       34%         3
 Flame Wave               Conj/Fire      12%        2d6       50%         4
 Starburst                Conj/Fire      6%         6d4       100%        6
 Ozocubu's Refrigeration  Ice            2%         4d8       100%        7
 Maxwell's Capacitive Co  Air            2%         ∞         100%        8


Dungeon Overview and Level Annotations

Branches:
Dungeon (3/15)

Altars:


Innate Abilities, Weirdness & Mutations

You are too large for most types of armour.
You have tough skin. (AC +1)
You sometimes lose your temper in combat.


Message History

The gnoll is moderately wounded.
You closely miss the gnoll.
The gnoll is moderately wounded.
The foxfire hits the goblin.
The goblin is moderately wounded.
The gnoll hits you from afar with a +1 spear of venom.
You are poisoned.
There are monsters nearby!
You conjure some foxfire!
You feel sick. The gnoll hits you with a +0 whip. The gnoll barely misses you.
The gnoll hits you from afar with a +1 spear of venom!
You are more poisoned.
You hit the gnoll but do no damage.
The gnoll is poisoned.
The gnoll is moderately wounded.
You feel very sick.
The foxfire hits the gnoll.
The gnoll is moderately wounded.
The foxfire hits the gnoll.
The gnoll is severely wounded.
The gnoll closely misses you.
The gnoll hits you from afar with a +1 spear of venom!
You are lethally poisoned!
The gnoll hits you but does no damage.
* * * LOW HITPOINT WARNING * * *
You feel very sick. The gnoll hits you with a +0 whip.
* * * LOW HITPOINT WARNING * * *
The gnoll hits you with a +0 club.
* * * LOW HITPOINT WARNING * * *
The gnoll misses you.
Casting: Foxfire (safe; 5% risk of failure)
Confirm with . or Enter, or press ? or * to list all spells.
Flames lash the rat.
You kill the rat!
* * * LOW HITPOINT WARNING * * *
You feel very sick. The gnoll hits you with a +0 club.
* * * LOW HITPOINT WARNING * * *
The gnoll hits you with a +0 whip.
You die...

##.#....##.#.#########.##..#
#.........#.# #.........#
#.#.#.#####.# #####.##.##
#.###.# #.# #.##.# #.# #.#
#.# #.##.# #.# #. #.# #
#.##.# #.# #.# .## ####.#
#.# #g#gg.##. #..# #.#
#.#####@gg8.... ##.# #####.#
#.......#...##. #.# #.....#
######### +## #.# ##.#####
#.# .#.# #.# ...# #.# ...##
#.# ....## #.# .....# #.#


You could see 4 gnolls and a goblin.

Vanquished Creatures
  2 orc wizards (D:3)
  Robin (D:2)
  3 adders (D:2)
  3 worms (D:2)
  A dart slug (D:1)
  9 orcs
  4 endoplasms
  2 giant cockroaches
  13 goblins
  8 hobgoblins
  A quokka (D:1)
  10 ball pythons
  4 bats
  2 frilled lizards
  3 kobolds
  9 rats
75 creatures vanquished.

Vanquished Creatures (others)
  248 foxfires
248 creatures vanquished.

Grand Total: 323 creatures vanquished

Notes
Turn   | Place    | Note
-------+----------+-------------------------------------------
     0 | D:1      | DApurpleWHUMPUS the Ogre Fire Elementalist began the quest
                  | for the Orb.
     0 | D:1      | Reached XP level 1. HP: 16/16 MP: 3/3
   150 | D:1      | Reached skill level 3 in Spellcasting
   179 | D:1      | Reached XP level 2. HP: 24/24 MP: 4/6
   845 | D:1      | Reached XP level 3. HP: 31/31 MP: 5/8
   855 | D:1      | Reached skill level 4 in Spellcasting
  1124 | D:1      | Learned a level 2 spell: Scorch
  1128 | D:1      | Learned a level 3 spell: Inner Flame
  1542 | D:2      | Reached XP level 4. HP: 13/39 MP: 0/10
  2139 | D:2      | Reached skill level 5 in Spellcasting
  2421 | D:2      | Noticed Robin
  2442 | D:2      | Gained mutation: You sometimes lose your temper in combat.
                  | [potion of mutation]
  2451 | D:2      | Killed Robin
  2993 | D:3      | Reached XP level 5. HP: 45/45 MP: 3/13
  3015 | D:3      | Reached skill level 6 in Spellcasting
  3090 | D:3      | Found a faded altar of an unknown god.
  3789 | D:3      | HP: 2/45 [poisoned by a gnoll]
  3789 | D:3      | Slain by a gnoll

Illustrated notes

Levels and vault maps discovered:
D:1:      psy_arrival_statuary, layout_basic
D:2:      layout_basic, uniq_robin
D:3:      layout_loops_ring, ebering_ecumenical_altar_ruins, grunt_ministairs_5,
          minmay_crystal_room

Skill      XL: |  1  2  3  4  5 |
---------------+----------------+-----
Spellcasting   | 3 4 5 6 |  6.3
Dodging        | |  1.7
Stealth        | |  1.4
Conjurations   | |  0.8
Fire Magic     | |  2.6

Action                     |  1- 3 |  4- 6 || total
---------------------------+-------+-------++-------
  Melee: Unarmed           |     4 |     4 ||     8
         Dagger            |       |    17 ||    17
   Cast: Foxfire           |    68 |    90 ||   158
         Scorch            |       |     9 ||     9
    Use: Potion            |       |     5 ||     5
         Scroll            |       |     2 ||     2
 Armour: Robe              |    24 |    56 ||    80
  Dodge: Dodged            |    24 |    21 ||    45

Table legend: (Time is in decaauts)
 A = Elapsed time spent in this place.
 B = Non-inter-level travel time spent in this place.
 C = Inter-level travel time spent in this place.
 D = Time resting spent in this place.
 E = Time spent auto-exploring this place.
 F = Levels seen in this place.
 G = Mean time per level.
                   A        B        C        D        E       F      G
               +--------+--------+--------+--------+--------+-----+--------+
         Total |   3768 |   3675 |     93 |    126 |   3083 |   3 | 1256.0 |
       Dungeon |   3768 |   3675 |     93 |    126 |   3083 |   3 | 1256.0 |
               +--------+--------+--------+--------+--------+-----+--------+

Top non-repeatable levels by time:
     D:2: 1529 daAuts
     D:1: 1385 daAuts
     D:3: 853 daAuts
